AoeStats
← Chill Trip

Nomad

510333101Analyzed
4v4 RM · 2d ago on Sep 30, 2026· 50m 47s· 8 players
Game mode
Random Map
Map size
231×231
Population
200
Speed
Normal
Resources
Standard
Victory
Conquest
Starting age
Dark Age
Ending age
Imperial Age
RankedLock teamsTeams togetherTeam positionsShared explorationLock speedFull tech treeHidden civsTurbo modeCheats
Victory
Defeat
1210
+14
🇨🇳 Mongols · China
1188
+15
🇮🇳 Huns · India
1157
+16
🇪🇸 Chinese · Spain
1122
+17
🇲🇽 Japanese · Mexico
1208
-18
🇳🇨 Varangians · New Caledonia
1193
-17
🇨🇦 Britons · Canada
1124
-14
🇳🇨 Wu · New Caledonia
1100
-13
ronald.lama6
15:30 Feudal Age
17:21 Wheelbarrow
18:34 Fishing Lines
19:09 Loom
21:26 Castle Age
21:47 Double-Bit Axe
22:27 Gillnets
22:08 Man-at-Arms
26:33 Medium Warships
26:47 Hand Cart
27:02 Town Watch
28:13 Long Swordsman
29:18 Squires
31:15 Bow Saw
32:12 Forging
31:45 Pikeman
32:31 Scale Mail Armor
34:02 Medium Warships
35:34 Fletching
40:11 Horse Collar
43:24 Imperial Age
44:25 Conscription
44:03 Bodkin Arrow
44:09 Padded Archer Armor
43:57 Halberdier
44:13 Heavy Rocket Cart
45:09 Bracer
46:53 Rocketry
47:00 Leather Archer Armor
46:48 Elite Chu Ko Nu
48:02 Ballistics
48:42 Chemistry
Doji
6:58 Loom
14:32 Feudal Age
21:47 Castle Age
28:19 Fletching
28:38 Scale Barding Armor
29:27 Fletching
31:30 Bodkin Arrow
32:46 Padded Archer Armor
34:39 Chain Barding Armor
35:49 Forging
35:26 Double-Bit Axe
35:31 Gold Mining
42:58 Leather Archer Armor
45:38 Imperial Age
43:50 Leather Archer Armor
43:55 Elite Skirmisher
46:34 Bracer
47:52 Iron Casting
47:27 Bow Saw
47:42 Cavalier
48:23 Husbandry
48:33 Bloodlines
50:22 Two-Man Saw
50:13 Paladin
boom n type gg noob team
4:31 Loom
14:27 Feudal Age
14:11 Fishing Lines
14:56 Double-Bit Axe
19:00 Horse Collar
25:02 Castle Age
22:56 Fletching
25:11 Gillnets
25:41 Medium Warships
25:53 Bow Saw
26:54 Gillnets
27:55 Gold Mining
29:15 Gold Shaft Mining
28:45 Bodkin Arrow
31:25 Clinker Construction
31:38 Ballistics
33:08 Wheelbarrow
35:00 Stone Mining
36:26 Hand Cart
36:30 Heavy Plow
38:34 Town Watch
41:47 Imperial Age
40:27 Forging
40:49 Scale Barding Armor
41:33 Conscription
42:20 Iron Casting
42:57 Forced Levy
42:58 Bracer
44:59 Blast Furnace
44:24 Treadmill Crane
44:55 Masonry
44:25 Elite Battle Elephant
45:07 Husbandry
46:43 Stone Shaft Mining
47:55 Siege Engineers
暗恋安联的一切
5:04 Loom
13:57 Feudal Age
14:58 Double-Bit Axe
17:45 Castle Age
15:31 Fishing Lines
19:06 Bow Saw
18:57 Gillnets
20:15 Wheelbarrow
22:16 Hand Cart
22:20 Horse Collar
23:02 Heavy Plow
30:05 Imperial Age
27:35 Gold Mining
27:36 Stone Mining
29:29 Gold Shaft Mining
29:29 Stone Shaft Mining
28:48 Fletching
28:58 Padded Archer Armor
29:26 Husbandry
29:37 Bloodlines
30:22 Thumb Ring
31:18 Parthian Tactics
30:51 Bodkin Arrow
31:11 Leather Archer Armor
32:01 Chemistry
31:23 Ballistics
31:28 Conscription
31:02 Elite Mangudai
32:05 Town Watch
32:23 Bracer
34:16 Scale Barding Armor
34:21 Forging
35:36 Chain Barding Armor
34:40 Light Cavalry
37:25 Iron Casting
37:34 Hussar
38:57 Drill
41:07 Blast Furnace
44:13 Elite Steppe Lancer
47:43 Nomads
47:37 Capped Ram
49:03 Siege Ram
TheRev9426
14:00 Feudal Age
13:56 Loom
14:34 Double-Bit Axe
19:53 Castle Age
18:08 Fishing Lines
19:02 Fletching
25:12 Bow Saw
25:18 Gold Mining
28:08 Wheelbarrow
27:34 Pikeman
35:09 Gillnets
41:17 Elite Skirmisher
41:45 Horse Collar
44:24 Heavy Plow
46:51 Treadmill Crane
47:39 Hand Cart
47:09 Pikeman
48:08 Squires
Boy oh boy
11:07 Loom
13:29 Feudal Age
14:02 Double-Bit Axe
16:44 Forging
16:32 Fishing Lines
16:47 Horse Collar
19:24 Wheelbarrow
24:21 Castle Age
23:34 Scale Barding Armor
23:20 Stone Mining
25:18 Medium Warships
25:20 Bow Saw
25:19 Gillnets
29:15 Stone Shaft Mining
29:06 Chain Barding Armor
29:22 Iron Casting
29:23 Fletching
31:58 Clinker Construction
32:00 Careening
32:34 Heavy Plow
32:36 Bodkin Arrow
33:26 Hand Cart
32:56 Town Watch
40:07 Imperial Age
39:07 Padded Archer Armor
39:31 Elite Skirmisher
40:29 Leather Archer Armor
40:55 Bracer
42:13 Ring Archer Armor
44:09 Conscription
44:49 Bloodlines
44:39 Husbandry
45:54 Elite Longship
PlayerNbrOne
4:25 Loom
13:31 Feudal Age
19:42 Castle Age
19:16 Double-Bit Axe
19:50 Horse Collar
20:36 Stone Mining
24:09 Heavy Plow
26:36 Bow Saw
27:05 Wheelbarrow
28:49 Town Watch
31:17 Hand Cart
36:25 Imperial Age
33:55 Town Patrol
34:15 Fletching
34:25 Padded Archer Armor
34:53 Yeomen
34:56 Gold Mining
35:04 Treadmill Crane
35:45 Ballistics
37:11 Gold Shaft Mining
36:43 Bodkin Arrow
37:28 Leather Archer Armor
38:59 Conscription
38:49 Bracer
39:41 Ring Archer Armor
40:43 Two-Man Saw
39:31 Elite Skirmisher
40:32 Elite Longbowman
43:56 Chemistry
44:04 Scale Mail Armor
44:15 Forging
43:26 Pikeman
44:06 Squires
44:48 Halberdier
45:03 Halberdier
48:20 Chain Mail Armor
48:40 Iron Casting
Chill Trip
10:33 Loom
14:00 Feudal Age
14:27 Double-Bit Axe
14:24 Horse Collar
22:58 Fletching
23:08 Padded Archer Armor
26:41 Castle Age
26:59 Elite Skirmisher
27:06 Crossbowman
29:06 Bow Saw
29:00 Heavy Plow
30:30 Bodkin Arrow
30:50 Leather Archer Armor
36:55 Ballistics
46:36 Imperial Age
47:27 Red Cliffs Tactics
Connection lost

Rejoining the realm…

Still unreachable

The connection could not be restored.

Session expired

The server has moved on; the page needs a fresh start.